 Dungeon Crawl Stone Soup version 0.25.1-2-g60ff931df9 (webtiles) character file.

Game seed: 6169535099223788999

65 praxismo the Skirmisher (level 3, -5/34 HPs)
             Began as a Minotaur Monk on Aug 17, 2020.
             Was a Believer of Fedhas.
             Slain by Crazy Yiuf
             ... wielding a +3 quarterstaff of chaos
              (8 damage)
             ... on level 2 of the Dungeon on Aug 18, 2020.
             The game lasted 00:35:16 (2211 turns).

praxismo the Skirmisher (Minotaur Monk)             Turns: 2211, Time: 00:35:22

Health: -5/34      AC:  8    Str: 15    XL:     3   Next: 94%
Magic:  2/2        EV:  7    Int:  7    God:    Fedhas [**....]
Gold:   38         SH:  0    Dex: 13    Spells: 2/2 levels left

rFire    . . .     SeeInvis +   a - +0 spear
rCold    . . .     Gourm    .   (no shield)
rNeg     . . .     Faith    .   o - +0 chain mail {Perfect Barrier}
rPois    .         Spirit   .   (helmet restricted)
rElec    .         Reflect  .   (no cloak)
rCorr    .         Harm     .   (no gloves)
MR       .....                  (no boots)
Stlth    ..........             (no amulet)
HPRegen  0.11/turn              k - ring of see invisible
MPRegen  0.08/turn              (no ring)

@: lethally poisoned (-5 -> -9)
A: retaliatory headbutt, horns 2
a: Wall of Briars, Renounce Religion


You were on level 2 of the Dungeon.
You worshipped Fedhas.
Fedhas was pleased with you.
You were hungry.

You visited 1 branch of the dungeon, and saw 2 of its levels.

You collected 38 gold pieces.

Inventory:

Hand Weapons
 a - a +0 spear (weapon)
 e - a +0 dagger
 f - a +0 dagger
 g - a +0 whip
 i - a +0 dagger
 j - a +0 club
 q - a +0 short sword
Missiles
 d - 18 sling bullets
 l - 5 large rocks
 n - 20 stones (quivered)
Armour
 b - a +0 robe
 m - a +0 leather armour
 o - a +0 chain mail (worn) {Perfect Barrier}
Jewellery
 k - a ring of see invisible (left hand)
Scrolls
 h - 5 scrolls of identify
 p - 2 scrolls of remove curse


   Skills:
 + Level 4.6 Fighting
 + Level 4.5 Polearms
 + Level 0.3 Armour
 + Level 3.7 Dodging
 + Level 1.6 Stealth


You had 2 spell levels left.
You didn't know any spells.
Your spell library was empty.

Dungeon Overview and Level Annotations

Branches:
Dungeon (2/15)

Altars:
Ashenzari
Fedhas
Kikubaaqudgha
Nemelex Xobeh

Annotations:
D:2 Crazy Yiuf


Innate Abilities, Weirdness & Mutations

You reflexively headbutt those who attack you in melee.
You have a pair of horns on your head.


Message History

You hit Crazy Yiuf.
Crazy Yiuf is heavily wounded.
You feel sick.
Crazy Yiuf hits you with a +3 quarterstaff of chaos.
Crazy Yiuf freezes you.
All of the chunks of flesh in your inventory have rotted away.
You hit Crazy Yiuf.
Crazy Yiuf is heavily wounded.
You hit Crazy Yiuf.
Crazy Yiuf is severely wounded.
Crazy Yiuf hits you with a +3 quarterstaff of chaos.
You are electrocuted!
* * * LOW HITPOINT WARNING * * *
You hit Crazy Yiuf.
Crazy Yiuf is almost dead.
* * * LOW HITPOINT WARNING * * *
You feel sick.
Crazy Yiuf hits you with a +3 quarterstaff of chaos!
You die...
Fedhas appreciates your contribution to the ecosystem.

####.### #.... #..##
##### ###..# #..)#
#....# #...# #....+
... #.#....# #g#
#......# ##@#
##.....# #.##
#.......## ##.#
##+##..#.# #.##
#......#.##. ##.##
#.........$. #...##
#.<......# #....#
#........### #....#
#......#>...
##..#####......#####


You could see Crazy Yiuf.

Vanquished Creatures
  2 adders (D:2)
  A worm (D:2)
  2 dart slugs
  A leopard gecko (D:1)
  A ball python (D:1)
  3 giant cockroaches
  6 goblins
  2 hobgoblins
  7 kobolds
  A quokka (D:2)
  2 bats
  4 frilled lizards
  7 rats
39 creatures vanquished.

Notes
Turn   | Place    | Note
-------+----------+-------------------------------------------
     0 | D:1      | praxismo the Minotaur Monk began the quest for the Orb.
     0 | D:1      | Reached XP level 1. HP: 19/19 MP: 0/0
   277 | D:1      | Reached XP level 2. HP: 24/27 MP: 1/1
  1270 | D:2      | Found a shattered altar of Ashenzari.
  1273 | D:2      | Reached XP level 3. HP: 31/34 MP: 2/2
  1293 | D:2      | Found a blossoming altar of Fedhas.
  1383 | D:2      | Became a worshipper of Fedhas Madash
  1383 | D:2      | Reached * piety under Fedhas
  1383 | D:2      | Reached ** piety under Fedhas
  1565 | D:2      | Found a sparkling altar of Nemelex Xobeh.
  1684 | D:2      | Found an ancient bone altar of Kikubaaqudgha.
  2037 | D:2      | Found a faded altar of an unknown god.
  2198 | D:2      | Found a runed translucent door.
  2199 | D:2      | Noticed Crazy Yiuf
  2211 | D:2      | Slain by Crazy Yiuf

Illustrated notes

Levels and vault maps discovered:
D:1:      minmay_arrival_solitary_statue, layout_loops_ring
D:2:      layout_basic, kiku_gazebo_pond_becter, old_standard_altar,
          lemuel_crystal_altar, fedhas_altar_1, chequers_ecumenical_altar_grove,
          uniq_crazy_yiuf_cottage

Skill      XL: |  1  2 |
---------------+-------+-----
Polearms       | 4 |  4.5
Fighting       | 4 |  4.6
Armour         | |  0.3
Dodging        | |  3.7
Stealth        | |  1.6

Action                   || total
-------------------------++-------
Melee: Spear             ||   112
       Headbutt          ||    14
  Use: Scroll            ||     3
       Potion            ||     3
  Eat: Ration            ||     1
Armor: Robe              ||     5
       Leather armour    ||    10
       Chain mail        ||     2
Dodge: Dodged            ||    58
